 Dungeon Crawl Stone Soup version 0.20.1-1-g8b1a95d (webtiles) character file.

182 nightbobicus the Sneak (level 5, -14/39 HPs)
             Began as a Vampire Assassin on Aug 10, 2017.
             Demolished by a wight
             ... wielding a cursed +0 battleaxe
              (18 damage)
             ... on level 3 of the Dungeon.
             The game lasted 00:11:34 (3147 turns).

nightbobicus the Sneak (Vampire Assassin)           Turns: 3147, Time: 00:11:35

Health: -14/39     AC:  0    Str: 10    XL:     5   Next: 34%
Magic:  3/5        EV: 21    Int: 13    God:
Gold:   74         SH:  0    Dex: 22    Spells: 4/4 levels left

rFire    . . .     SeeInvis +   (weapon currently unavailable)
rCold    + + .     Gourm    .   (shield currently unavailable)
rNeg     + + +     Faith    .   (armour currently unavailable)
rPois    ∞         Spirit   .   (helmet currently unavailable)
rElec    .         Reflect  .   (cloak currently unavailable)
rCorr    .         Harm     .   (gloves currently unavailable)
MR       .....                  (boots currently unavailable)
Stlth    ++++++....             s - amulet of rage
Regen    0.0/turn               (ring currently unavailable)
MPRegen  0.1/turn               (ring currently unavailable)

@: bat-form, flying, bloodless, non-regenerating, very quick
A: fangs 3, see invisible
a: End Transformation, Evoke Berserk Rage


You were on level 3 of the Dungeon.
You were bloodless.
You were in vampire-bat-form.
You visited 1 branch of the dungeon, and saw 3 of its levels.

You collected 74 gold pieces.

Inventory:

Hand Weapons
 a - a +4 dagger (melded)
 b - a +0 blowgun
Missiles
 e - 30 poisoned needles
 f - a curare-tipped needle
Armour
 c - a +0 robe (melded)
 d - a +1 cloak (melded)
Jewellery
 m - a +3 ring of dexterity (melded)
 s - an amulet of rage (around neck)
Scrolls
 h - a scroll of enchant armour
 k - a scroll of recharging
Potions
 j - 2 potions of might {unknown}
 l - 2 potions of haste {unknown}
 n - a potion of flight {unknown}
 q - 16 potions of blood
 r - 2 potions of heal wounds {unknown}


   Skills:
 + Level 2.5 Fighting
 + Level 3.1 Short Blades
 - Level 2.4 Throwing
 + Level 2.6 Dodging
 - Level 7.4 Stealth


You had 4 spell levels left.
You didn't know any spells.

Dungeon Overview and Level Annotations

Branches:
Dungeon (3/15)

Altars:
Kikubaaqudgha
Vehumet


Innate Abilities, Weirdness & Mutations

You do not heal naturally.
You are immune to poison.
You have razor-sharp teeth.
You have supernaturally acute eyesight. (SInv)
((You can survive without breathing.))


Message History

The wight closely misses you.
You hit the wight.
The wight is lightly damaged.
The bat barely misses you. The wight closely misses you.
You closely miss the wight. You bite the wight, but do no damage.
The wight is lightly damaged.
The bat hits you. The wight hits you with a battleaxe!
You hit the wight.
The wight is lightly damaged.
You hit the wight but do no damage.
The wight is lightly damaged.
The bat hits you. The wight hits you with a battleaxe!
* * * LOW HITPOINT WARNING * * *
The bat misses you.
You turn into a vampire bat.
Your +4 dagger melds into your body.
Your +1 cloak melds into your body.
Your +0 robe melds into your body.
Your +3 ring of dexterity melds into your body.
You feel clumsy.
The bat misses you. x2; The wight hits you with a battleaxe!!
You die...

######* ##.....## ##.......##
#.........# ****
#########.........# *,,,
....#...#.........# ###### *,,,
..................#####....# *,.,
...................).......###..,
...............zb###).%.........>
...............b..#####.....##..,
.........(........# #......#,,,
........#K........# ###....#%.(.,
.####.###.........###......###..,
.* #..*#.........)........# *,.,
,***##..##.......####......# **,*
,,,,,,............##..#....##**,,
,,,****#......................,,,


You could see a wight, a bat and a kobold (wandering).

Vanquished Creatures
  An orc priest (D:3)
  Terence (D:2)
  5 adders (D:2)
  2 worms (D:2)
  3 dart slugs
  2 leopard geckos (D:2)
  5 orcs (D:3)
  4 giant cockroaches
  5 goblins
  6 hobgoblins
  2 jackals (D:1)
  3 quokkas
  7 bats
  A frilled lizard (D:2)
  12 kobolds
  4 rats
63 creatures vanquished.

Notes
Turn   | Place    | Note
-------+----------+-------------------------------------------
     0 | D:1      | nightbobicus the Vampire Assassin began the quest for the Orb.
     0 | D:1      | Reached XP level 1. HP: 16/16 MP: 1/1
    49 | D:1      | Reached skill level 6 in Stealth
   368 | D:1      | Reached XP level 2. HP: 22/22 MP: 2/2
   938 | D:2      | Reached XP level 3. HP: 16/27 MP: 3/3
  1024 | D:2      | Found an ancient bone altar of Kikubaaqudgha.
  1847 | D:2      | Noticed Terence
  1926 | D:2      | Killed Terence
  1926 | D:2      | Reached skill level 7 in Stealth
  1926 | D:2      | Reached XP level 4. HP: 13/33 MP: 4/4
  2504 | D:3      | Found a radiant altar of Vehumet.
  2959 | D:3      | Reached XP level 5. HP: 38/38 MP: 5/5
  3147 | D:3      | Demolished by a wight

Skill      XL: |  1  2  3  4  5 |
---------------+----------------+-----
Stealth        | 6 7 |  7.4
Throwing       | 2 |  2.4
Fighting       | 2 |  2.5
Dodging        | 2 |  2.6
Short Blades   | 3 |  3.1

Action                   |  1- 3 |  4- 6 || total
-------------------------+-------+-------++-------
Melee: Dagger            |    78 |    89 ||   167
       Bite              |     5 |     3 ||     8
       Unarmed           |       |     5 ||     5
 Fire: Blowgun           |    40 |     1 ||    41
 Abil: Bat Form          |     2 |     2 ||     4
       End Transformatio |     2 |     1 ||     3
  Use: Potion            |     3 |       ||     3
       Scroll            |       |     7 ||     7
 Stab: Sleeping          |     2 |     3 ||     5
Armor: Robe              |    34 |    15 ||    49
Dodge: Dodged            |    87 |    79 ||   166
